 Seeded DCSS version 0.30.1-11-g7821555f0a (webtiles) character file.

Game seed: 920673320228942481 (custom seed)

109 strifetoe the Chopper (level 4, 0/39 HPs)
             Began as a Hill Orc Cinder Acolyte on Nov 9, 2023.
             Was a High Priest of Ignis.
             Slain by Sigmund
             ... wielding a +4 scythe of venom
              (4 damage)
             ... on level 4 of the Dungeon.
             The game lasted 00:03:11 (2964 turns).

strifetoe the Chopper (Hill Orc Cinder Acolyte)     Turns: 2964, Time: 00:03:11

Health: 0/39       AC:  6    Str: 21    XL:     4   Next: 90%
Magic:  5/5        EV: 11    Int: 14    God:    Ignis [*****.]
Gold:   150        SH:  0    Dex: 14    Spells: 3/5 levels left

rFire   + . .        r - +0 war axe
rCold   . . .        (no shield)
rNeg    . . .        b - +0 robe
rPois   +            (no helmet)
rElec   .            l - +1 cloak {rPois}
rCorr   .            (no gloves)
SInv    .            k - +1 pair of boots of the Slightly Bent {Contam Str+3 Dex+8}
Will    .....        (no amulet)
Stlth   +            (no ring)
HPRegen 0.26/turn    (no ring)
MPRegen 0.09/turn

%: no passive effects
@: no status effects
A: no striking features
a: Renounce Religion, Fiery Armour, Foxfire Swarm, Rising Flame


You were on level 4 of the Dungeon.
You worshipped Ignis.
Ignis was extremely pleased with you.
You visited 1 branch of the dungeon, and saw 4 of its levels.

You collected 150 gold pieces.

Inventory:

Hand Weapons
 a - a -1 hand axe of flaming
 g - a +6 heavy broad axe
 r - a +0 war axe (weapon)
Armour
 b - a +0 robe (worn)
 k - the +1 pair of boots of the Slightly Bent (worn) {Contam Str+3 Dex+8}
   (You acquired it on level 1 of the Dungeon)

   Str:       It affects your strength (+3).
   Dex:       It affects your dexterity (+8).
   Contam:    It causes magical contamination when unequipped.
 l - a +1 cloak of poison resistance (worn)
 n - a +0 leather armour
Jewellery
 f - a ring of wizardry
 p - a ring of resist corrosion
Wands
 h - a wand of paralysis (3)
Scrolls
 j - a scroll of teleportation
 s - a scroll of identify {unknown}
 t - a scroll of fear {unknown}
 u - a scroll of amnesia
 w - a scroll of poison {unknown}
Potions
 c - 2 potions of cancellation {unknown}
 d - a potion of mutation {unknown}
 e - a potion of resistance {unknown}
 i - a potion of degeneration {unknown}
 m - a potion of lignification {unknown}
 o - 2 potions of heal wounds {unknown}
 q - a potion of brilliance {unknown}
 v - a potion of invisibility {unknown}


   Skills:
 - Level 3.6 Fighting
 + Level 7.2 Axes
 - Level 1.0 Spellcasting
 - Level 3.2 Fire Magic


You had 3 spell levels left.
You knew the following spells:

 Your Spells              Type           Power      Damage    Failure   Level
a - Scorch                Fire           18%        2d6       11%         2

Your spell library contained the following spells:

 Spells                   Type           Power      Damage    Failure   Level
 Foxfire                  Conj/Fire      20%        2x1d5     14%         1
 Kiss of Death            Conj/Necr      0%         2d5       26%         1
 Confusing Touch          Hex            0%         N/A       61%         3
 Dispel Undead            Necr           0%         3d6       95%         4
 Fireball                 Conj/Fire      2%         3d4       98%         5
 Plasma Beam              Fire/Air       2%         2x1d14    100%        6
 Starburst                Conj/Fire      2%         6d3       100%        6


Dungeon Overview and Level Annotations

Branches:
Dungeon (4/15)
 Temple: D:4-7

Altars:

Shops:
D:3 *:

Annotations:
D:4 Sigmund


Message History

You are too confused!
You are too confused!
You are too confused!
You are too confused!
You are too confused!
You are too confused!
You are too confused!
You are too confused!
Unknown command.
You're too confused to move!
Sigmund barely misses you.
You bump into the rock wall.
You bump into the rock wall.
Sigmund hits you from afar with a +4 scythe of venom.
You see here a hobgoblin corpse.
You feel less confused.
Sigmund hits you with a +4 scythe of venom.
You barely miss Sigmund. Sigmund casts a spell at you.
You resist with some effort.
You hit Sigmund but do no damage.
Sigmund mumbles some strange words.
Sigmund flickers and vanishes!
Deactivating autopickup; reactivate with Ctrl-A.
You slash something! Something hits you!
You hit something. Something hits you but does no damage.
You are poisoned.
You barely miss something.
You feel sick.
You barely miss something.
You feel sick. Something hits you!
Unknown command.
You barely miss something.
You feel sick. Something hits you.
* * * LOW HITPOINT WARNING * * *
You hit something.
You feel sick.
You hear some strange, mumbled words.
A magic dart appears from out of thin air!
The magic dart hits you.
* * * LOW HITPOINT WARNING * * *
You closely miss something.
You feel sick.
You are no longer poisoned.
Something hits you.
You die...

#####.# ....#.#
###.#.# ..# ###.#.#
... ....#.#####
#.##### #####.....#
#.##.. # #####.#
#.##.# #.# #.##†#
#.# #.##@#
#.###.##{#####..
#.###.....##.....@..
#...................
####################


There were no monsters in sight!

Vanquished Creatures
  Crazy Yiuf (D:2)
  Natasha (D:2)
  An adder (D:2)
  A worm (D:3)
  2 dart slugs
  4 endoplasms
  A giant cockroach (D:2)
  4 goblins
  4 hobgoblins
  A quokka (D:2)
  7 ball pythons
  4 bats
  5 kobolds
  4 rats
40 creatures vanquished.

Notes
Turn   | Place    | Note
-------+----------+-------------------------------------------
     0 | D:1      | strifetoe the Hill Orc Cinder Acolyte began the quest for
                  | the Orb.
     0 | D:1      | Reached XP level 1. HP: 19/19 MP: 2/2
   802 | D:1      | Reached XP level 2. HP: 18/26 MP: 3/3
  1100 | D:1      | Identified 3 scrolls of acquirement
  1100 | D:1      | Acquired the +1 pair of boots of the Slightly Bent {Contam
                  | Str+3 Dex+8}
  1107 | D:1      | Acquired a +1 cloak of poison resistance
  1114 | D:1      | Acquired a +6 heavy broad axe
  1304 | D:2      | Reached skill level 5 in Axes
  1368 | D:2      | Learned a level 2 spell: Scorch
  1377 | D:2      | Found a runed translucent door.
  1378 | D:2      | Noticed Crazy Yiuf
  1693 | D:2      | Reached XP level 3. HP: 31/31 MP: 4/4
  1891 | D:2      | Noticed Natasha
  1896 | D:2      | Killed Natasha
  1897 | D:2      | Reached skill level 6 in Axes
  1903 | D:2      | Reached XP level 4. HP: 33/39 MP: 5/5
  2097 | D:2      | Killed Crazy Yiuf
  2193 | D:3      | Reached skill level 7 in Axes
  2422 | D:3      | Found Rylak's Book Boutique.
  2489 | D:3      | Found Xyxiz's Assorted Antiques.
  2944 | D:4      | Noticed Sigmund
  2964 | D:4      | Slain by Sigmund

Illustrated notes

Levels and vault maps discovered:
D:1:      dpeg_arrival_orchard, layout_basic
D:2:      layout_loops_corners, uniq_natasha, uniq_crazy_yiuf_cottage
D:3:      layout_basic, serial_shops, nicolae_shop_stone, shop
D:4:      layout_basic, nicolae_figureground_sparkle, uniq_sigmund, uniq_robin,
          uniq_blork_the_orc

Skill      XL: |  1  2  3  4 |
---------------+-------------+-----
Axes           | 5 6 7 |  7.2
Fighting       | |  3.6
Spellcasting   | |  1.0
Fire Magic     | |  3.2

Action                     |  1- 3 |  4- 6 || total
---------------------------+-------+-------++-------
  Melee: Hand axe          |    57 |       ||    57
         War axe           |    15 |    44 ||    59
    Use: Scroll            |     3 |     3 ||     6
   Stab: Distracted        |     1 |       ||     1
         Sleeping          |     1 |     1 ||     2
 Armour: Robe              |    31 |    12 ||    43
  Dodge: Dodged            |    42 |    21 ||    63
